[Event "EDAMI"]
[Site "Internet Chess Club"]
[Date "2020.03.28"]
[Round "5"]
[White "Luar10"]
[Black "David2020"]
[Result "0-1"]
[ICCResult "White checkmated"]
[WhiteElo "1520"]
[BlackElo "1367"]
[Opening "Sicilian"]
[ECO "B54"]
[NIC "SI.01"]
[Time "14:18:44"]
[TimeControl "300+3"]

1. e4 c5 2. Nf3 d6 3. d4 cxd4 4. Nxd4 Nc6 5. c3 a6 6. Be3 Nf6 7. Bd3 e5 8.
Nxc6 bxc6 9. Nd2 Bb7 10. O-O Be7 11. f4 O-O 12. fxe5 dxe5 13. Nf3 Qc7 14.
Bc2 Rad8 15. Qe2 c5 16. Rad1 Bxe4 17. Bxe4 Nxe4 18. Bc1 Qc6 19. Rxd8 Rxd8
20. Re1 Nf6 21. Nxe5 Qd6 22. Nc4 Qc7 23. Qxe7 Qxe7 24. Rxe7 Rd1+ 25. Kf2
Rxc1 26. Rc7 h6 27. Rxc5 Ne4+ 28. Ke3 Nxc5 29. Kd4 Ne6+ 30. Kd5 Rc2 31. Kc6
Rxg2 32. Kb6 f5 33. Kxa6 f4 34. a4 f3 35. b4 f2 36. Ne3 Rg1 37. b5 Nc5+ 38.
Ka5 f1=Q 39. Nxf1 Rxf1 40. c4 Ra1 41. b6 Rb1 42. h4 g5 43. hxg5 hxg5 44. b7
Nxb7+ 45. Ka6 Nc5+ 46. Ka5 Nb3+ 47. Ka6 g4 48. a5 g3 49. c5 Nxc5+ 50. Ka7
Nb3 51. a6 g2 52. Ka8 g1=Q 53. a7 Qg2+ 54. Kb8 Nc5+ 55. Kc7 Qg6 56. a8=Q+
Kh7 57. Qa2 Qg7+ 58. Kc6 Qd7+ 59. Kxc5 Rc1+ 60. Kb6 Qd8+ 61. Kb7 Qc7+ 62.
Ka8 Qc8+ 63. Ka7 Rc7+ 64. Kb6 Qb7+ 65. Ka5 Rc5+ 66. Ka4 Qc6+ 67. Kb3 Qb7+
68. Ka4 Qa6+ 69. Kb3 Rb5+ 70. Kc3 Qxa2 71. Kd4 Qa4+ 72. Kc3 Rb3+ 73. Kd2
Qa2+ 74. Kc1 Rb1# {White checkmated} 0-1

[Event "EDAMI"]
[Site "Internet Chess Club"]
[Date "2020.03.28"]
[Round "5"]
[White "Marc12"]
[Black "JotaAlvarez"]
[Result "0-1"]
[ICCResult "White forfeits on time"]
[WhiteElo "1279"]
[BlackElo "1408"]
[Opening "Four knights: Italian variation"]
[ECO "C55"]
[NIC "IG.01"]
[Time "14:16:32"]
[TimeControl "300+3"]

1. e4 e5 2. Nf3 Nc6 3. Bc4 Nf6 4. Nc3 Nxe4 5. Nxe4 d5 6. Bd3 dxe4 7. Bxe4
Bc5 8. Bxc6+ bxc6 9. O-O Bd6 10. Re1 O-O 11. Nxe5 Bb7 12. Nf3 c5 13. d3 Qf6
14. c3 Qg6 15. Be3 Qh5 16. h3 Rad8 17. Nh2 Qd5 18. Nf3 Qh5 19. Ng5 Qg6 20.
Nf3 Qh5 21. Rc1 c4 22. d4 Rfe8 23. Bg5 Bxf3 24. Rxe8+ Rxe8 25. Qxf3 Qxg5 26.
Rf1 Qf4 27. Qxf4 Bxf4 28. g3 Bd6 29. Rd1 Re2 30. Rb1 h5 31. a4 a5 32. b4
axb4 33. cxb4 Ra2 34. a5 Kf8 35. Rc1 Rb2 36. Rxc4 Bxb4 37. a6 Be1 38. a7 Ra2
39. Rxc7 Bxf2+ 40. Kf1 Bxd4 41. Rc8+ Ke7 42. a8=Q Rxa8 43. Rxa8 Kf6 44. Ra4
Be5 45. Kg2 Kg5 46. Kf2 g6 47. Kf3 f6 48. Ke4 Bxg3 49. Kf3 Be5 50. h4+ Kh6
51. Ke4 g5 52. hxg5+ Kxg5 53. Ra5 Kg4 54. Ke3 Kg3 55. Ke2 h4 56. Ra3+ Kg2
57. Rf3 h3 58. Rf2+ Kg1 59. Rf1+ Kg2 60. Rf2+ Kg3 61. Kf1 h2 62. Rg2+ Kh3
{White forfeits on time}
0-1

[Event "EDAMI"]
[Site "Internet Chess Club"]
[Date "2020.03.28"]
[Round "6"]
[White "BlackHole137"]
[Black "NoaEscacs"]
[Result "0-1"]
[ICCResult "White resigns"]
[WhiteElo "1268"]
[BlackElo "1355"]
[Opening "Giuoco Pianissimo"]
[ECO "C55"]
[NIC "IG.01"]
[Time "14:36:26"]
[TimeControl "300+3"]

1. e4 e5 2. Nf3 Nc6 3. Bc4 Nf6 4. d3 Bc5 5. h3 h6 6. a3 d5 7. exd5 Nxd5 8.
Nbd2 Be6 9. Nf1 O-O 10. Ng3 Re8 11. Nh4 a6 12. Qf3 Qxh4 13. O-O b5
{White resigns}
0-1

[Event "EDAMI"]
[Site "Internet Chess Club"]
[Date "2020.03.28"]
[Round "6"]
[White "leochicano"]
[Black "tomasgarrido"]
[Result "0-1"]
[ICCResult "White checkmated"]
[WhiteElo "1108"]
[BlackElo "1258"]
[Opening "Saragossa opening"]
[ECO "A00"]
[NIC "VO.12"]
[Time "14:35:41"]
[TimeControl "300+3"]

1. c3 e5 2. Nf3 d6 3. Qb3 Nc6 4. Ng5 Qxg5 5. h4 Qf6 6. d4 Bg4 7. dxe5 dxe5
8. f3 Bxf3 9. Nd2 Bg4 10. e3 Bd6 11. Nc4 e4 12. Bd3 exd3 13. Nxd6+ Qxd6 14.
Kd2 Qg3 15. Rf1 Qxg2+ 16. Kxd3 Qxf1+ 17. Kc2 Rd8 18. Kb1 Bd1 19. Qxb7 Rb8
20. Qxc7 Qd3# {White checkmated} 0-1

[Event "EDAMI"]
[Site "Internet Chess Club"]
[Date "2020.03.28"]
[Round "6"]
[White "Danielosky"]
[Black "Adrisam"]
[Result "0-1"]
[ICCResult "White checkmated"]
[WhiteElo "1067"]
[BlackElo "1345"]
[Opening "King's pawn opening"]
[ECO "B07"]
[NIC "VO.17"]
[Time "14:35:29"]
[TimeControl "300+3"]

1. e4 d6 2. d4 Nc6 3. Nf3 Nf6 4. Nc3 g6 5. Bc4 Bg7 6. Bf4 O-O 7. O-O Bg4 8.
g3 Qd7 9. e5 dxe5 10. dxe5 Nh5 11. Qxd7 Bxd7 12. Rad1 Bh3 13. Nd5 Rad8 14.
Nxe7+ Nxe7 15. Rfe1 Nxf4 16. gxf4 Rxd1 17. Rxd1 Nf5 18. Bd5 c6 19. Be4 Bh6
20. Rd7 Bxf4 21. Rxb7 Bxe5 22. Rxa7 Bb8 23. Ra6 Rd8 24. Ng5 Rd1#
{White checkmated}
0-1

[Event "EDAMI"]
[Site "Internet Chess Club"]
[Date "2020.03.28"]
[Round "6"]
[White "pgranadap"]
[Black "Torre027"]
[Result "1-0"]
[ICCResult "Black checkmated"]
[WhiteElo "1399"]
[BlackElo "1247"]
[Opening "Scotch opening"]
[ECO "C44"]
[NIC "KP.10"]
[Time "14:35:28"]
[TimeControl "300+3"]

1. e4 e5 2. Nf3 Nc6 3. d4 Bd6 4. d5 Nb4 5. a3 Na6 6. b4 Nb8 7. c4 c5 8. Bd2
Nf6 9. Bd3 O-O 10. O-O Na6 11. b5 Nc7 12. a4 a6 13. b6 Nce8 14. a5 Ng4 15.
h3 Ngf6 16. Bc3 Be7 17. Bxe5 Nh5 18. Bh2 d6 19. Nc3 Qd7 20. e5 Qf5 21. Bxf5
Bxf5 22. g4 Bg6 23. gxh5 Bxh5 24. Qd3 f6 25. e6 Bg6 26. Qe3 f5 27. Ne2 Bf6
28. Rae1 h6 29. Nf4 Bh5 30. Nxh5 Bg5 31. Nxg5 hxg5 32. Qxg5 f4 33. Bxf4 g6
34. Qxg6+ Kh8 35. Bxd6 Rg8 36. Be5+ Nf6 37. Bxf6+ Rg7 38. Qxg7#
{Black checkmated}
1-0

[Event "EDAMI"]
[Site "Internet Chess Club"]
[Date "2020.03.28"]
[Round "6"]
[White "Marc12"]
[Black "Dylan2008"]
[Result "1-0"]
[ICCResult "Black checkmated"]
[WhiteElo "1291"]
[BlackElo "1335"]
[Opening "Sicilian defense"]
[ECO "B32"]
[NIC "SI.31"]
[Time "14:35:24"]
[TimeControl "300+3"]

1. e4 c5 2. Nf3 Nc6 3. d4 b6 4. Nc3 d6 5. Bb5 Bb7 6. d5 Qd7 7. dxc6 Bxc6 8.
Bxc6 Qxc6 9. Qd5 Qxd5 10. Nxd5 Nf6 11. Nc7+ Kd7 12. Nxa8 g6 13. e5 dxe5 14.
Nxe5+ Kd6 15. Nxf7+ Ke6 16. Nxh8 Ne4 17. Be3 Bg7 18. Nxg6 hxg6 19. Nc7+ Kd7
20. Nb5 Bxb2 21. Rb1 Bc3+ 22. Nxc3 Nxc3 23. Rb3 Nxa2 24. Bd2 c4 25. Rb2 c3
26. Rxa2 cxd2+ 27. Kxd2 a5 28. Rd1 Kc6 29. Ke1 e5 30. Ra4 Kb5 31. Re4 a4 32.
Rxe5+ Kb4 33. Ra1 a3 34. Re3 b5 35. Raxa3 Kc5 36. h4 b4 37. Rab3 Kc4 38. g4
Kc5 39. f4 Kd4 40. h5 gxh5 41. gxh5 Kc5 42. h6 Kb5 43. h7 Ka4 44. h8=Q Kb5
45. Qe5+ Ka4 46. Ra3+ bxa3 47. Re4# {Black checkmated} 1-0

[Event "EDAMI"]
[Site "Internet Chess Club"]
[Date "2020.03.28"]
[Round "6"]
[White "FERNANDOA9"]
[Black "JORDISOLEGRAUS"]
[Result "1-0"]
[ICCResult "Black checkmated"]
[WhiteElo "1200"]
[BlackElo "1166"]
[Opening "Three knights game"]
[ECO "C46"]
[NIC "KP.06"]
[Time "14:35:23"]
[TimeControl "300+3"]

1. e4 e5 2. Nf3 Nc6 3. Nc3 Bc5 4. Bc4 d6 5. d3 Nd4 6. Ng5 Nf3+ 7. gxf3 Bh3
8. Nxf7 d5 9. Nxd8 Rxd8 10. Bxd5 Bg2 11. Rg1 Bh3 12. Rxg7 Nf6 13. f4 exf4
14. e5 Bg4 15. Ne2 Nh5 16. Bf7+ Kd7 17. Rxg4 Bb4+ 18. c3 Bc5 19. Qa4+ Kc8
20. Be6+ Kb8 21. Bc4 Rhg8 22. Rh4 Rg1+ 23. Nxg1 Rc8 24. Qb3 Ng7 25. Ba6 Bb6
26. Bb5 f3 27. Be3 Bxe3 28. fxe3 f2+ 29. Kxf2 Nf5 30. Ba6 Nxh4 31. Qxb7#
{Black checkmated}
1-0

[Event "EDAMI"]
[Site "Internet Chess Club"]
[Date "2020.03.28"]
[Round "6"]
[White "ArnauGuasch"]
[Black "didi08"]
[Result "0-1"]
[ICCResult "White checkmated"]
[WhiteElo "1134"]
[BlackElo "1296"]
[Opening "Mieses opening"]
[ECO "A00"]
[NIC "VO.13"]
[Time "14:35:35"]
[TimeControl "300+3"]

1. d3 d5 2. e3 e5 3. d4 exd4 4. exd4 Bb4+ 5. Bd2 Bxd2+ 6. Qxd2 Bg4 7. f3 Be6
8. Qe2 Nf6 9. Qf2 Nc6 10. Nd2 O-O 11. Qe2 Qd6 12. Nh3 Bxh3 13. gxh3 Rae8 14.
Ne4 Qe6 15. Nc5 Qd6 16. Bg2 Rxe2+ 17. Kxe2 Nxd4+ 18. Kd3 Qxc5 19. Kd2 Qxc2+
20. Ke1 Re8+ 21. Kf1 Qe2+ 22. Kg1 Re3 23. Rc1 Nxf3+ 24. Bxf3 Rxf3 25. h4
Qf2# {White checkmated} 0-1

[Event "EDAMI"]
[Site "Internet Chess Club"]
[Date "2020.03.28"]
[Round "6"]
[White "morgana1965"]
[Black "paugallego"]
[Result "1/2-1/2"]
[ICCResult "Game drawn by mutual agreement"]
[WhiteElo "1540"]
[BlackElo "1440"]
[Opening "English: symmetrical variation"]
[ECO "A38"]
[NIC "EO.26"]
[Time "14:35:26"]
[TimeControl "300+3"]

1. c4 Nf6 2. g3 c5 3. Bg2 g6 4. Nf3 Bg7 5. Nc3 Nc6 6. d4 cxd4 7. Nxd4 O-O 8.
O-O Qb6 9. e3 Nxd4 10. Qxd4 Qxd4 11. exd4 Nh5 12. Re1 e6 13. Be3 Rb8 14. b4
b6 15. a4 Bb7 16. Bxb7 Rxb7 17. Nb5 d5 18. c5 bxc5 19. dxc5 Bxa1 20. Rxa1 a6
21. Nd6 Rxb4 22. c6 Rd8 23. c7 Rbb8 24. cxb8=Q Rxb8 25. Rc1 Rb4 26. Bh6 Rb8
27. Rc7 f5 28. Rc8+ Rxc8 29. Nxc8 {Game drawn by mutual agreement} 1/2-1/2

[Event "EDAMI"]
[Site "Internet Chess Club"]
[Date "2020.03.28"]
[Round "6"]
[White "JotaAlvarez"]
[Black "David2020"]
[Result "1-0"]
[ICCResult "Black checkmated"]
[WhiteElo "1423"]
[BlackElo "1350"]
[Opening "Sicilian: Canal-Sokolsky (Nimzovich-Rossolimo, Moscow) attack"]
[ECO "B51"]
[NIC "SI.01"]
[Time "14:35:40"]
[TimeControl "300+3"]

1. e4 c5 2. Nf3 d6 3. Bb5+ Nc6 4. d4 cxd4 5. Nxd4 Qc7 6. Nc3 a6 7. Bxc6+
bxc6 8. Qf3 Nf6 9. e5 dxe5 10. Qxc6+ Qxc6 11. Nxc6 e4 12. Bf4 Bb7 13. Nd4 e6
14. O-O-O Bb4 15. Na4 O-O 16. a3 Ba5 17. Nc5 Bd5 18. Ndb3 Bb6 19. Na4 Bxf2
20. Rhf1 Ba7 21. Nbc5 Bxc5 22. Nxc5 a5 23. h3 Rfd8 24. Na4 Bc6 25. Nb6 Rxd1+
26. Rxd1 Rb8 27. Bxb8 e3 28. Rd8+ Ne8 29. Rc8 Bb5 30. c4 Ba4 31. Nxa4 e2 32.
Rxe8# {Black checkmated} 1-0

[Event "EDAMI"]
[Site "Internet Chess Club"]
[Date "2020.03.28"]
[Round "6"]
[White "JORGEVALLES"]
[Black "Jultxan"]
[Result "1-0"]
[ICCResult "Black checkmated"]
[WhiteElo "1003"]
[BlackElo "1110"]
[Opening "Queen's pawn: Chigorin variation"]
[ECO "D00"]
[NIC "QP.08"]
[Time "14:35:33"]
[TimeControl "300+3"]

1. d4 d5 2. Nc3 Nf6 3. Bf4 Nc6 4. Nb5 e6 5. Nxc7+ Qxc7 6. Bxc7 Kd7 7. Bf4 e5
8. dxe5 Nh5 9. g3 Nxf4 10. gxf4 Kd8 11. Qxd5+ Bd7 12. Qxf7 g6 13. Qf6+ Be7
14. Qxh8+ Kc7 15. Qxa8 Bf5 16. O-O-O Bc5 17. Qg8 Bxf2 18. Qg7+ Kb6 19. Qxh7
Bxg1 20. Rxg1 Nd8 21. Rd6+ Nc6 22. Rgxg6 Bxg6 23. Qxg6 a5 24. Qg1+ Kc7 25.
Qg7+ Kb6 26. e6 Kc5 27. Qd7 Kb6 28. e7 a4 29. e8=Q a3 30. Qed8+ Kb5 31. b3
b6 32. Qxc6+ Ka5 33. Qcxb6# {Black checkmated} 1-0

[Event "EDAMI"]
[Site "Internet Chess Club"]
[Date "2020.03.28"]
[Round "6"]
[White "Onayague"]
[Black "Josep2012"]
[Result "0-1"]
[ICCResult "White checkmated"]
[WhiteElo "1108"]
[BlackElo "1180"]
[Opening "French defense"]
[ECO "C00"]
[NIC "FR.01"]
[Time "14:35:35"]
[TimeControl "300+3"]

1. e4 e6 2. Bc4 Nf6 3. d3 Nc6 4. Nf3 Bc5 5. Bg5 h6 6. Bf4 O-O 7. O-O d5 8.
exd5 exd5 9. Bb3 Bg4 10. Qd2 Bxf3 11. gxf3 Nh5 12. Bxh6 Qh4 13. Bxg7 Nf4 14.
h3 Qxh3 15. Qxf4 Bd6 16. Be5 Nxe5 17. Qg5+ Ng6 18. Qg2 Qh5 19. Bxd5 Kh8 20.
Bxb7 Nf4 21. Qh1 Nh3+ 22. Kg2 Nf4+ 23. Kg3 Rg8# {White checkmated} 0-1

[Event "EDAMI"]
[Site "Internet Chess Club"]
[Date "2020.03.28"]
[Round "6"]
[White "Alexelnub"]
[Black "MIQUELSOLEGRAUS"]
[Result "1-0"]
[ICCResult "Black checkmated"]
[WhiteElo "1072"]
[BlackElo "1044"]
[Opening "KP: Lopez opening"]
[ECO "C20"]
[NIC "KP.10"]
[Time "14:35:22"]
[TimeControl "300+3"]

1. e4 e5 2. c3 Bc5 3. d3 Qh4 4. g3 Qg4 5. Qxg4 Be7 6. Qd1 Nc6 7. f4 exf4 8.
gxf4 Na5 9. Bh3 Nc6 10. d4 Bh4+ 11. Kf1 Na5 12. Nf3 Nf6 13. Nxh4 Nxe4 14.
Bg2 d6 15. Bxe4 Bh3+ 16. Kg1 g6 17. Bg2 Kf8 18. Bxh3 Kg8 19. f5 gxf5 20.
Nxf5 Kf8 21. Nh6 Kg7 22. b4 Nc6 23. c4 Nxd4 24. Qxd4+ Kg6 25. Nc3 Rae8 26.
Ne4 f6 27. Nxf6 Re1+ 28. Kg2 Rxh1 29. Kxh1 Re8 30. c5 dxc5 31. Qxc5 Re1+ 32.
Kg2 Kxf6 33. Bb2+ Re5 34. Qc3 c6 35. Qg3 b6 36. Bxe5+ Ke7 37. Qg7+ Kd8 38.
Rf1 a6 39. Rf8# {Black checkmated} 1-0

[Event "EDAMI"]
[Site "Internet Chess Club"]
[Date "2020.03.28"]
[Round "6"]
[White "leonardogila"]
[Black "planets45"]
[Result "1-0"]
[ICCResult "Black checkmated"]
[WhiteElo "1236"]
[BlackElo "1064"]
[Opening "Bishop's opening"]
[ECO "C23"]
[NIC "IG.04"]
[Time "14:35:29"]
[TimeControl "300+3"]

1. e4 e5 2. Bc4 Nc6 3. Qh5 g6 4. Qg4 h5 5. Qd1 d6 6. Nf3 Bg4 7. d3 Nd4 8.
Bg5 Qxg5 9. Nxg5 Bxd1 10. Kxd1 d5 11. Bxd5 Bb4 12. Bxb7 Rb8 13. Bd5 Nf6 14.
Bxf7+ Kf8 15. Bxg6 Rg8 16. c3 Rxg6 17. cxb4 Rxb4 18. Nh3 Rc4 19. Nd2 Rc5 20.
Nb3 Rc6 21. Nxd4 exd4 22. Nf4 Rxg2 23. Nxg2 Ng4 24. Rf1 Nxh2 25. Rh1 Ng4 26.
Rxh5 Nxf2+ 27. Ke1 Rc2 28. Kf1 c5 29. Nf4 c4 30. Ne6+ Ke7 31. Nc7 cxd3 32.
Rh7+ Kd6 33. Ne8+ Ke5 34. Re7+ Kf4 35. e5 d2 36. Kxf2 d3 37. e6 Rc1 38. Rf7+
Ke4 39. Nf6+ Kd4 40. e7 Rxa1 41. e8=Q d1=Q 42. Rd7+ Kc5 43. Qc8+ Kb4 44.
Rb7+ Ka5 45. Qc5+ Ka6 46. Rxa7# {Black checkmated} 1-0

[Event "EDAMI"]
[Site "Internet Chess Club"]
[Date "2020.03.28"]
[Round "6"]
[White "MiquelGil"]
[Black "CHANTAL10"]
[Result "0-1"]
[ICCResult "White checkmated"]
[WhiteElo "1034"]
[BlackElo "1207"]
[Opening "Réti opening"]
[ECO "A06"]
[NIC "QP.09"]
[Time "14:35:28"]
[TimeControl "300+3"]

1. Nf3 d5 2. Nc3 Nc6 3. d4 Nf6 4. e4 g6 5. Bd3 Bg7 6. Be3 O-O 7. O-O b6 8.
exd5 Na5 9. Bd2 Bg4 10. Qe1 Bxf3 11. Qe3 Nxd5 12. Nxd5 Bxd5 13. c4 Nxc4 14.
b3 Nxd2 15. Qxd2 Bxd4 16. Rab1 a6 17. h3 Be6 18. Qf4 Bf5 19. h4 f6 20. Qh6
Kf7 21. Qd2 Bxd3 22. Qxd3 Bxf2+ 23. Kxf2 Qxd3 24. Rfd1 Qf5+ 25. Kg1 Rfd8 26.
Rdc1 Rd5 27. Kh1 Qe6 28. Kh2 Qe5+ 29. Kg1 Qe6 30. Rxc7 Qe3+ 31. Kh2 Qe5+ 32.
Kh1 Qxc7 33. Rb2 Rad8 34. a3 Rd1# {White checkmated} 0-1

[Event "EDAMI"]
[Site "Internet Chess Club"]
[Date "2020.03.28"]
[Round "6"]
[White "PedreteBcn"]
[Black "AnithingElse"]
[Result "1-0"]
[ICCResult "Black checkmated"]
[WhiteElo "1340"]
[BlackElo "1414"]
[Opening "Ruy Lopez: Möller defense"]
[ECO "C78"]
[NIC "RL.12"]
[Time "14:35:24"]
[TimeControl "300+3"]

1. e4 e5 2. Nf3 Nc6 3. Bb5 a6 4. Ba4 Nf6 5. O-O Bc5 6. c3 d6 7. d4 exd4 8.
cxd4 Ba7 9. d5 b5 10. Bxb5 axb5 11. dxc6 O-O 12. Re1 Ng4 13. Re2 Ba6 14. b4
Bc8 15. Nc3 Qf6 16. Bb2 Qh6 17. Nxb5 Bb6 18. Bd4 Ba6 19. Qd3 Bxd4 20. Qxd4
Bxb5 21. Rd2 Ra3 22. h3 Rxf3 23. gxf3 Qxh3 24. fxg4 Qxg4+ 25. Kh2 Bxc6 26.
Rg1 Qh4+ 27. Kg2 Qxe4+ 28. Qxe4 Bxe4+ 29. Kf1 Re8 30. a4 h6 31. a5 Bf3 32.
Ra2 g5 33. Rg3 g4 34. Ra3 f5 35. Raxf3 Kh7 36. Rxf5 Kg6 37. Rf4 h5 38. a6
Ra8 39. Ra3 Kg5 40. Rf7 h4 41. Rxc7 h3 42. a7 Kh4 43. Kg1 d5 44. Rb7 Re8 45.
a8=Q Re1+ 46. Kh2 Rf1 47. Qh8+ Kg5 48. Rg7+ Kf4 49. Qf8+ Ke4 50. Re3+ Kd4
51. Qf4# {Black checkmated} 1-0

[Event "EDAMI"]
[Site "Internet Chess Club"]
[Date "2020.03.28"]
[Round "6"]
[White "Oierkaskarov"]
[Black "Arriazu96"]
[Result "1/2-1/2"]
[ICCResult "Game drawn by mutual agreement"]
[WhiteElo "1571"]
[BlackElo "1314"]
[Opening "QGD: 4.Bg5 Be7"]
[ECO "D53"]
[NIC "QO.13"]
[Time "14:35:24"]
[TimeControl "300+3"]

1. d4 d5 2. c4 e6 3. Nc3 Nf6 4. Bg5 Be7 5. Nf3 c5 6. dxc5 Bxc5 7. cxd5 h6 8.
Bxf6 Qxf6 9. dxe6 Qxe6 10. e3 O-O 11. Bd3 Nc6 12. Kf1 Rd8 13. Qc2 g6 14. Ke2
Nb4 15. Qc1 Nxd3 16. Qc2 Nb4 17. Qc1 Nd3 18. Qc2 Nb4 19. Qc1 Qf5 20. Rd1
Rxd1 21. Qxd1 Kg7 22. a3 Nc6 23. Rc1 Be6 24. Nd5 Rd8 25. Rxc5 Rxd5 26. Rxd5
Bxd5 27. Nd4 Nxd4+ 28. Qxd4+ Kh7 29. f3 Qc2+ 30. Qd2 Qc4+ 31. Qd3 Qxd3+ 32.
Kxd3 Bb3 33. Kc3 Be6 34. b4 b5 35. Kd4 f6 36. e4 a6 37. f4 Bb3 38. e5 fxe5+
39. Kxe5 Kg7 40. Kd6 Kf6 41. Kc6 Kf5 42. g3 Ke4 43. Kb6 Bc4 44. Kxa6 Kf3 45.
Ka5 Kg2 46. g4 Kxh2 47. f5 gxf5 48. gxf5 Kg3 49. f6 Kf4 50. f7 Bxf7 51. Kxb5
Be8+ 52. Kc5 h5 {Game drawn by mutual agreement} 1/2-1/2

[Event "EDAMI"]
[Site "Internet Chess Club"]
[Date "2020.03.28"]
[Round "6"]
[White "BielPipo"]
[Black "LucasCh"]
[Result "1-0"]
[ICCResult "Black checkmated"]
[WhiteElo "1069"]
[BlackElo "1078"]
[Opening "Alekhine's defense"]
[ECO "B02"]
[NIC "AL.10"]
[Time "14:44:25"]
[TimeControl "300+3"]

1. e4 Nf6 2. Nc3 c6 3. Nf3 Ng4 4. h3 Nh6 5. d3 Qb6 6. Be3 g5 7. Bxb6 axb6 8.
a3 g4 9. hxg4 Nxg4 10. Nh4 e5 11. Qxg4 d5 12. exd5 Bxg4 13. dxc6 bxc6 14. f3
Bf5 15. Nxf5 c5 16. b4 f6 17. bxc5 Rg8 18. cxb6 Rg7 19. b7 Rxb7 20. a4 Be7
21. Nxe7 Kxe7 22. Rxh7+ Kd8 23. Rxb7 Nc6 24. Rab1 Kc8 25. R7b6 Rxa4 26. Nxa4
Nb4 27. R1xb4 f5 28. Rc4+ Kd8 29. Rb7 e4 30. fxe4 fxe4 31. dxe4 Ke8 32. Rc8#
{Black checkmated}
1-0

[Event "EDAMI"]
[Site "Internet Chess Club"]
[Date "2020.03.28"]
[Round "7"]
[White "tomasgarrido"]
[Black "BlackHole137"]
[Result "0-1"]
[ICCResult "White checkmated"]
[WhiteElo "1245"]
[BlackElo "1302"]
[Opening "Queen's pawn game"]
[ECO "D00"]
[NIC "QP.08"]
[Time "14:54:29"]
[TimeControl "300+3"]

1. d4 d5 2. e3 Bf5 3. Nf3 Nc6 4. Nc3 a6 5. Ne5 Nxe5 6. dxe5 Qd7 7. Nxd5
O-O-O 8. Bd3 Bxd3 9. Qxd3 Qxd5 10. Qc3 Qd1# {White checkmated} 0-1

[Event "EDAMI"]
[Site "Internet Chess Club"]
[Date "2020.03.28"]
[Round "7"]
[White "semaqui08"]
[Black "morgana1965"]
[Result "1/2-1/2"]
[ICCResult "Game drawn by mutual agreement"]
[WhiteElo "1464"]
[BlackElo "1537"]
[Opening "Queen's bishop game"]
[ECO "D00"]
[NIC "QP.08"]
[Time "14:54:17"]
[TimeControl "300+3"]

1. d4 d5 2. Bf4 Nf6 3. Nf3 e6 4. e3 Bd6 5. Bg3 Bxg3 6. hxg3 Nbd7 7. Bd3 c5
8. c3 h6 9. Nbd2 Qb6 10. Qc2 O-O 11. Ne5 cxd4 12. Nxd7 Bxd7 13. exd4 Bb5 14.
a4 Bxd3 15. Qxd3 Rac8 16. O-O-O Nd7 17. g4 e5 18. dxe5 Nxe5 19. Qxd5 Nxg4
{Game drawn by mutual agreement}
1/2-1/2

[Event "EDAMI"]
[Site "Internet Chess Club"]
[Date "2020.03.28"]
[Round "7"]
[White "Poleras123"]
[Black "Josep2012"]
[Result "1/2-1/2"]
[ICCResult "Game drawn by mutual agreement"]
[WhiteElo "1214"]
[BlackElo "1181"]
[Opening "Giuoco Piano: four knights variation"]
[ECO "C47"]
[NIC "KP.06"]
[Time "14:54:23"]
[TimeControl "300+3"]

1. e4 e5 2. Nf3 Nc6 3. Nc3 Nf6 4. Bc4 Bc5 5. Ng5 O-O 6. Qf3 d6 7. Qh3 Bxh3
8. gxh3 Nd5 9. exd5 Qxg5 10. dxc6 Qg2 11. cxb7 Rab8 12. Rf1 Rbe8 13. Ba6 Re6
14. d3 Rf6 15. Kd2 Bxf2 16. d4 Bxd4+ 17. Ne2 Rxf1 18. Kd3 Bb6 19. a4
{Game drawn by mutual agreement}
1/2-1/2

[Event "EDAMI"]
[Site "Internet Chess Club"]
[Date "2020.03.28"]
[Round "7"]
[White "NoaEscacs"]
[Black "PedreteBcn"]
[Result "0-1"]
[ICCResult "White checkmated"]
[WhiteElo "1324"]
[BlackElo "1366"]
[Opening "Giuoco Piano"]
[ECO "C50"]
[NIC "IG.02"]
[Time "14:54:13"]
[TimeControl "300+3"]

1. e4 e5 2. Nf3 Nc6 3. Bc4 Bc5 4. Kf1 Nf6 5. Ng5 O-O 6. d3 d6 7. h4 Bg4 8.
f3 Bh5 9. g4 Nxg4 10. fxg4 Qf6+ 11. Kg2 Qf2+ 12. Kh3 Bxg4+ 13. Kxg4 Ne7 14.
Rf1 Qg2+ 15. Kh5 g6+ 16. Kh6 Qg3 17. Qf3 Qxh4+ 18. Qh5 Qxh5# {White
checkmated} 0-1

[Event "EDAMI"]
[Site "Internet Chess Club"]
[Date "2020.03.28"]
[Round "7"]
[White "Adrisam"]
[Black "Alberto555"]
[Result "0-1"]
[ICCResult "White checkmated"]
[WhiteElo "1313"]
[BlackElo "1376"]
[Opening "Réti opening"]
[ECO "A05"]
[NIC "QP.11"]
[Time "14:54:20"]
[TimeControl "300+3"]

1. Nf3 Nf6 2. g3 d5 3. Nc3 Nc6 4. d3 e5 5. Bg2 Bb4 6. O-O O-O 7. Bd2 Bf5 8.
Qc1 e4 9. dxe4 dxe4 10. Nh4 Be6 11. Bh6 Bxc3 12. Bxg7 Kxg7 13. Qg5+ Kh8 14.
bxc3 Ng4 15. Qh5 Qf6 16. Rab1 Qh6 17. Qc5 Bxa2 18. Qd4+ Nxd4 19. cxd4 Bxb1
20. Nf5 Qg5 21. Bxe4 Bxc2 22. Rc1 Bxe4 23. Ne3 Nxe3 24. fxe3 Qxe3+ 25. Kf1
Qxc1+ 26. Kf2 Rae8 27. g4 Qf4+ 28. Ke1 Qe3 29. Kf1 Rd8 30. h4 Rxd4 31. Ke1
Rfd8 32. g5 Rd1# {White checkmated} 0-1

[Event "EDAMI"]
[Site "Internet Chess Club"]
[Date "2020.03.28"]
[Round "7"]
[White "David2020"]
[Black "EnautG"]
[Result "1-0"]
[ICCResult "Black checkmated"]
[WhiteElo "1364"]
[BlackElo "1301"]
[Opening "Ruy Lopez: Berlin defense"]
[ECO "C65"]
[NIC "RL.07"]
[Time "14:54:16"]
[TimeControl "300+3"]

1. e4 e5 2. Nf3 Nc6 3. Bb5 Nf6 4. d3 Bb4+ 5. Bd2 Bc5 6. h3 d6 7. O-O d5 8.
Nxe5 a6 9. Nxc6 bxc6 10. Bxc6+ Bd7 11. Bxa8 dxe4 12. Bxe4 Nxe4 13. dxe4 Qf6
14. Be3 Bd6 15. Nc3 Qe5 16. f4 Qa5 17. Qd5 Qxd5 18. Nxd5 Bc6 19. Nc3 Bb4 20.
Nd5 Bd6 21. c4 Bxd5 22. cxd5 O-O 23. a3 Re8 24. e5 Be7 25. Rac1 Rc8 26. d6
Bd8 27. Bb6 Rb8 28. Bxc7 Bxc7 29. Rxc7 Rxb2 30. Rc8# {Black checkmated} 1-0

[Event "EDAMI"]
[Site "Internet Chess Club"]
[Date "2020.03.28"]
[Round "7"]
[White "Mark888"]
[Black "GRVLHPK"]
[Result "0-1"]
[ICCResult "White checkmated"]
[WhiteElo "1151"]
[BlackElo "1138"]
[Opening "Van't Kruijs opening"]
[ECO "A00"]
[Time "14:54:20"]
[TimeControl "300+3"]

1. e3 d5 2. Nc3 Nf6 3. Bb5+ Nc6 4. Bxc6+ bxc6 5. Nf3 e6 6. d3 Ba6 7. e4 Bc5
8. exd5 cxd5 9. O-O O-O 10. Na4 Bd6 11. Bg5 Rb8 12. Bxf6 Qxf6 13. Qe1 Qf4
14. Qe3 Qxe3 15. fxe3 Rb4 16. b3 Bc5 17. a3 Bxe3+ 18. Kh1 Rb5 19. c4 dxc4
20. bxc4 Rb3 21. Rab1 Rxd3 22. Rbd1 Rxa3 23. Rde1 Bd2 24. Nxd2 Rd8 25. Rd1
Rdd3 26. Rf3 Bxc4 27. Nxc4 Rxd1+ 28. Rf1 Rxf1# {White checkmated} 0-1

[Event "EDAMI"]
[Site "Internet Chess Club"]
[Date "2020.03.28"]
[Round "7"]
[White "AnithingElse"]
[Black "JORGEVALLES"]
[Result "1-0"]
[ICCResult "Black resigns"]
[WhiteElo "1413"]
[BlackElo "1001"]
[Opening "Scandinavian (center counter) defense"]
[ECO "B01"]
[NIC "SD.02"]
[Time "14:54:17"]
[TimeControl "300+3"]

1. e4 d5 2. exd5 Qxd5 3. Nc3 Qe5+ 4. Be2 Qf6 5. d4 e5 6. dxe5 Qxe5 7. Nf3
Qf6 8. Nd5 Qd6 9. O-O Be6 10. Bc4 c6 11. Ne3 Nd7 12. Bxe6 fxe6 13. a3 O-O-O
14. b4 Qe7 15. c4 Qf6 16. Nc2 Ne5 17. Qe2 Kb8 18. Nxe5 Bd6 19. Nf3 Re8 20.
Bg5 Qf5 21. Ne3 Qg6 22. a4 Bxb4 23. Qb2 c5 24. Nc2 a5 25. Nxb4 axb4 26. Bf4+
e5 27. Bxe5+ Kc8 28. Bxg7 Ne7 29. Bxh8 Rxh8 30. Qxh8+ Ng8 31. Ne5 Qh6 32.
Qxg8+ {Black resigns} 1-0